 Dungeon Crawl Stone Soup version 0.29.0-15-g675c0067aa (webtiles) character file.

Game seed: 8851036228990512136

17614 qw the Severer (level 12, -2/105 HPs)
             Began as a Minotaur Berserker on Sept 13, 2022.
             Was a Priest of Trog.
             Killed from afar by an oklob plant (14 damage)
             ... with a splash of acid
             ... on level 2 of the Lair of Beasts.
             The game lasted 00:05:06 (14692 turns).

qw the Severer (Minotaur Berserker)                Turns: 14692, Time: 00:05:07

Health: -2/105     AC:  2    Str: 26    XL:     12   Next: 20%
Magic:  11/11      EV:  6    Int:  4    God:    Trog [***...]
Gold:   562        SH: 12    Dex: 17    Spells: 11/11 levels left

rFire   + . .      SeeInvis .   q - +2 war axe (drain)
rCold   . . .      Faith    .   r - +0 kite shield
rNeg    . . .      Spirit   .   f - +11 crystal plate armour {ponderous}
rPois   .          Reflect  .   (helmet restricted)
rElec   .          Harm     .   t - +0 cloak
rCorr   .          Rampage  .   g - +0 pair of gloves
Will    .....                   (no boots)
Stlth   ..........              (no amulet)
HPRegen 0.27/turn               n - ring of protection from fire
MPRegen 0.12/turn               a - +6 ring of dexterity

@: corroded, on berserk cooldown, slowed, very slow
A: horns 2, retaliatory headbutt
a: Renounce Religion, Berserk, Trog's Hand


You were on level 2 of the Lair of Beasts.
You worshipped Trog.
Trog was most pleased with you.
You visited 2 branches of the dungeon, and saw 10 of its levels.
You also visited: Gauntlet.

You collected 588 gold pieces.
You spent 26 gold pieces at shops.


Innate Abilities, Weirdness & Mutations

You have a pair of horns on your head.
You reflexively headbutt those who attack you in melee.


   Skills:
 - Level 9.5 Fighting
 + Level 15.8 Axes
 - Level 4.1 Throwing
 - Level 10.3 Armour
 - Level 6.1 Dodging
 - Level 10.0 Shields


You had 11 spell levels left.
You didn't know any spells.
Your spell library was empty.

Inventory:

Hand Weapons
 c - a +0 morningstar
 q - a +2 war axe of draining (weapon)
Missiles
 e - 3 silver javelins (quivered)
Armour
 f - a +11 crystal plate armour of ponderousness (worn)
 g - a +0 pair of gloves (worn)
 r - a +0 kite shield (worn)
 t - a +0 cloak (worn)
Jewellery
 a - a +6 ring of dexterity (right hand)
 n - a ring of protection from fire (left hand)
 Y - the ring "Ozaddick" {MP+9 Dex+3}
   (You acquired it in a Gauntlet)

   [ring of magical power]

   Dex:       It affects your dexterity (+3).
   MP:        It affects your magic capacity (+9).
Wands
 m - a wand of digging (4)
Scrolls
 k - 5 scrolls of identify
Potions
 b - 5 potions of curing
 d - a potion of might
 i - 2 potions of heal wounds
 j - a potion of mutation

Dungeon Overview and Level Annotations

Branches:
Dungeon (8/15)             Temple (0/1) D:5            Lair (2/5) D:8
 Shoals (0/4) Lair:2        Snake (0/4) Lair:2      Gauntlet (visited)

Altars:
Gozag
Nemelex Xobeh
Sif Muna
Trog

Shops:
D:3 *

Annotations:
D:3 3 runed translucent doors, qw's ghost, amateur GrFi; qw's ghost, weakling GrFi
D:6 2 transporters, qw's ghost, novice GrFi
Lair:2 3 runed translucent doors


Message History

The splash of acid hits you! The acid corrodes you!
14683 ||| DRINKING 5 potions of heal wounds.
You feel much better. The oklob plant spits acid at you.
The splash of acid hits you! The acid corrodes you!
You hit the oklob plant but do no damage.
You headbutt the oklob plant.
The oklob plant is lightly damaged.
You hit the oklob plant. You drain the oklob plant.
You headbutt the oklob plant, but do no damage.
The oklob plant is lightly damaged.
You hit the oklob plant but do no damage.
You drain the oklob plant.
You headbutt the oklob plant, but do no damage.
The oklob plant is moderately damaged.
You hit the oklob plant but do no damage.
You headbutt the oklob plant, but do no damage.
The oklob plant is moderately damaged.
You hit the oklob plant but do no damage.
You drain the oklob plant.
The oklob plant is moderately damaged.
The oklob plant spits acid at you. You block the splash of acid.
You hit the oklob plant but do no damage.
The oklob plant is moderately damaged.
You slash the oklob plant! You drain the oklob plant.
The oklob plant is heavily damaged.
The oklob plant spits acid at you. The splash of acid hits you!!
14691 ||| DRINKING 4 potions of heal wounds.
You feel much better. The oklob plant spits acid at you.
The splash of acid hits you!! The acid corrodes you!
14692 ||| DRINKING 3 potions of heal wounds.
You feel much better. The oklob plant spits acid at you.
The splash of acid hits you!! The acid corrodes you!
The oklob plant spits acid at you. The splash of acid hits you!
You die...

###.# .P..# #
#.## .....# #..#
### ###..P.##
#.####.##
#P#P..P.
#.......###PP...#
##.##.#..##.PP..#
######..##..P.##
#.###....P# #.#
#...@## # #.#
#...## . #####
#.###..##
###...###......#
.#.<.......>###.#
####......P## ##
..#P..######
.###..# # #.##


You could see an oklob plant (very drained).

Vanquished Creatures
  A minotaur (Gauntlet)
  A fire dragon (D:8)
  A hydra (Lair:2)
  A two-headed ogre (D:8)
  4 death yaks (Lair:2)
  Pikel (D:6)
  A lindwurm (Lair:1)
  An oklob plant (Lair:2)
  A black mamba (Lair:1)
  Joseph (D:8)
  3 cane toads (Lair:1)
  A rime drake (Lair:2)
  Maggie (D:7)
  A raiju (Gauntlet)
  A hornet (D:8)
  3 slime creatures (Gauntlet)
  14 yaks
  Eustachio (D:5)
  2 wyverns (Lair:2)
  A basilisk (Lair:2)
  3 steam dragons
  Edmund (D:5)
  3 nagas (Lair:2)
  5 water moccasins
  A black bear (D:7)
  An ice beast (D:6)
  2 orc warriors
  3 ogres
  10 wolves (Lair:1)
  2 centaurs (D:8)
  3 lemures (D:6)
  3 phantoms (D:5)
  6 bullfrogs
  A gnoll sergeant (D:7)
  2 scorpions (D:5)
  A necrophage (D:7)
  5 wights (D:7)
  3 howler monkeys (D:7)
  3 hounds
  7 jellies
  2 orc priests
  3 gnoll boudas
  7 iguanas
  Ijyb (D:5)
  4 hell rats (Lair:1)
  3 orc wizards
  27 gnolls
  5 adders
  3 shadow imps (Gauntlet)
  5 white imps
  An ufetubus (D:4)
  A worm (D:2)
  A dart slug (D:3)
  27 orcs
  10 bats
  4 endoplasms
  3 giant cockroaches
  10 goblins
  4 hobgoblins
  5 jackals (D:1)
  5 quokkas
  4 ball pythons
  3 frilled lizards (D:1)
  5 kobolds
  4 rats
253 creatures vanquished.

Vanquished Creatures (others)
  2 wizards (Gauntlet)
  35 demonic plants (Gauntlet)
  3 fungi
  2 plants
  6 withered plants (D:3)
48 creatures vanquished.

Grand Total: 301 creatures vanquished

Notes
Turn   | Place    | Note
-------+----------+-------------------------------------------
     0 | D:1      | qw the Minotaur Berserker began the quest for the Orb.
     0 | D:1      | Reached XP level 1. HP: 19/19 MP: 0/0
     0 | D:1      | 0 ||| qw: Version: 0.1-a-119-g272c26d
     0 | D:1      | 0 ||| qw: Game counter: 11065
     0 | D:1      | 0 ||| qw: Always use a shield: true
     0 | D:1      | 0 ||| qw: Do Orc after D:15 true
     0 | D:1      | 0 ||| qw: Do second Lair branch before Depths: true
     0 | D:1      | 0 ||| qw: Lair rune preference: random
     0 | D:1      | 0 ||| qw: Plans: Normal
     0 | D:1      | 0 ||| PLANNING D:1-11
   111 | D:1      | 111 ||| Stepping ~*~*~tactically~*~*~ (stealth).
   118 | D:1      | Reached skill level 4 in Axes
   203 | D:1      | Reached XP level 2. HP: 26/26 MP: 1/1
   212 | D:1      | Found a faded altar of an unknown god.
   588 | D:1      | 588 ||| Stepping ~*~*~tactically~*~*~ (stealth).
  1012 | D:1      | Reached ** piety under Trog
  1056 | D:1      | Reached skill level 5 in Axes
  1230 | D:1      | 1230 ||| UPGRADING to +0 plate armour.
  1240 | D:1      | 1240 ||| DROPPING +0 animal skin.
  1241 | D:1      | 1241 ||| READING scroll labelled SIARIO EQEO.
  1380 | D:2      | Reached XP level 3. HP: 27/31 MP: 2/2
  1434 | D:2      | 1434 ||| INVOKING Berserk.
  1964 | D:2      | Found a shimmering blue altar of Sif Muna.
  2061 | D:2      | 2061 ||| READING scroll labelled GYBLUH NENNE.
  2062 | D:2      | 2062 ||| DRINKING 2 dark potions.
  2118 | D:3      | 2118 ||| DROPPING +0 club.
  2121 | D:3      | Found a bloodstained altar of Trog.
  2203 | D:3      | 2203 ||| INVOKING Berserk.
  2205 | D:3      | Reached skill level 6 in Axes
  2205 | D:3      | Reached XP level 4. HP: 39/39 MP: 3/3
  2360 | D:3      | 2360 ||| INVOKING Berserk.
  2545 | D:3      | Found Liatax's Assorted Antiques.
  2553 | D:3      | 2553 ||| SHOPLISTING blackened amethyst amulet (130 gold,
                  | have 94).
  2553 | D:3      | 2553 ||| SHOPLISTING glass ring (130 gold, have 94).
  2553 | D:3      | 2553 ||| BUYING scroll labelled ZIR ATSIYDUYS (26 gold).
  2553 | D:3      | Bought a scroll labelled ZIR ATSIYDUYS for 26 gold pieces
  2553 | D:3      | 2553 ||| SHOPLISTING small onyx ring (130 gold, have 68).
  2708 | D:3      | Found a runed translucent gate.
  2708 | D:3      | Found a runed translucent gate.
  2708 | D:3      | Found a runed translucent gate.
  2708 | D:3      | Noticed qw's ghost (weakling GrFi)
  2709 | D:3      | Noticed qw's ghost (amateur GrFi)
  2934 | D:3      | Reached XP level 5. HP: 44/45 MP: 4/4
  3087 | D:3      | 3087 ||| READING scroll labelled ZIR ATSIYDUYS.
  3120 | D:3      | 3120 ||| READING scroll labelled MIUWAS ILIAKE.
  3174 | D:4      | Reached skill level 7 in Axes
  3330 | D:4      | 3330 ||| Stepping ~*~*~tactically~*~*~ (stealth).
  3331 | D:4      | 3331 ||| Stepping ~*~*~tactically~*~*~ (stealth).
  3333 | D:4      | 3333 ||| Stepping ~*~*~tactically~*~*~ (stealth).
  3501 | D:4      | Noticed an ogre
  3503 | D:4      | 3503 ||| INVOKING Berserk.
  3505 | D:4      | Killed an ogre
  3649 | D:4      | Reached skill level 3 in Armour
  3649 | D:4      | Reached XP level 6. HP: 56/56 MP: 5/5
  3763 | D:4      | 3763 ||| UPGRADING to +6 ring of dexterity.
  3764 | D:4      | 3764 ||| READING scroll labelled WOBBIN ZAVOXAS.
  3765 | D:4      | 3765 ||| READING scroll labelled XAM KEMORULO.
  3766 | D:4      | 3766 ||| READING scroll labelled ILOETZ TYHA.
  3767 | D:4      | 3767 ||| DRINKING 2 fuming amethyst potions.
  3768 | D:4      | 3768 ||| DRINKING 3 coppery potions.
  3769 | D:4      | 3769 ||| DROPPING potion of attraction.
  3782 | D:5      | Entered Level 5 of the Dungeon
  3817 | D:5      | 3817 ||| Stepping ~*~*~tactically~*~*~ (stealth).
  3956 | D:5      | Found a staircase to the Ecumenical Temple.
  3981 | D:5      | Noticed Edmund
  3986 | D:5      | 3986 ||| INVOKING Berserk.
  3993 | D:5      | Killed Edmund
  3994 | D:5      | Reached skill level 8 in Axes
  4129 | D:5      | 4129 ||| DROPPING +0 mace.
  4152 | D:5      | 4152 ||| Stepping ~*~*~tactically~*~*~ (stealth).
  4164 | D:5      | Reached *** piety under Trog
  4249 | D:5      | Noticed Eustachio
  4258 | D:5      | 4258 ||| INVOKING Berserk.
  4261 | D:5      | Killed Eustachio
  4262 | D:5      | Reached skill level 9 in Axes
  4262 | D:5      | Reached XP level 7. HP: 61/61 MP: 6/6
  4440 | D:5      | 4440 ||| READING scroll labelled FEISMI WIVIBE.
  4441 | D:5      | 4441 ||| Stepping randomly (stuck).
  4444 | D:5      | 4444 ||| Stepping randomly (stuck).
  4448 | D:5      | 4448 ||| Stepping randomly (stuck).
  4604 | D:5      | 4604 ||| UPGRADING to ring of resist corrosion.
  4605 | D:5      | 4605 ||| READING scroll labelled QEGINO BAISM.
  4606 | D:5      | 4606 ||| READING scroll labelled XUPUWATAIT.
  4607 | D:5      | 4607 ||| Stepping ~*~*~tactically~*~*~ (stealth).
  4608 | D:5      | 4608 ||| DRINKING 2 lumpy orange potions.
  4609 | D:5      | 4609 ||| DROPPING potion of brilliance.
  4610 | D:5      | 4610 ||| Stepping randomly (stuck).
  4613 | D:5      | 4613 ||| INVOKING Berserk.
  4618 | D:5      | Reached skill level 10 in Axes
  4628 | D:5      | 4628 ||| Stepping ~*~*~tactically~*~*~ (stealth).
  4635 | D:5      | 4635 ||| Stepping ~*~*~tactically~*~*~ (stealth).
  4660 | D:5      | 4660 ||| Stepping randomly (stuck).
  4662 | D:5      | 4662 ||| Stepping randomly (stuck).
  4663 | D:5      | 4663 ||| Stepping randomly (stuck).
  4664 | D:5      | 4664 ||| Stepping randomly (stuck).
  4668 | D:5      | 4668 ||| Stepping randomly (stuck).
  4670 | D:5      | 4670 ||| Stepping randomly (stuck).
  4671 | D:5      | 4671 ||| Stepping randomly (stuck).
  4680 | D:5      | 4680 ||| Stepping randomly (stuck).
  4681 | D:5      | 4681 ||| Stepping randomly (stuck).
  4683 | D:5      | 4683 ||| Stepping randomly (stuck).
  4686 | D:5      | 4686 ||| Stepping randomly (stuck).
  4687 | D:5      | 4687 ||| Stepping randomly (stuck).
  4748 | D:5      | 4748 ||| READING scroll of teleportation.
  4780 | D:5      | 4780 ||| Stepping randomly (stuck).
  4781 | D:5      | 4781 ||| Stepping randomly (stuck).
  4782 | D:5      | 4782 ||| Stepping randomly (stuck).
  4783 | D:5      | 4783 ||| Stepping randomly (stuck).
  4784 | D:5      | 4784 ||| Stepping randomly (stuck).
  4785 | D:5      | 4785 ||| Stepping randomly (stuck).
  4786 | D:5      | 4786 ||| Stepping randomly (stuck).
  4790 | D:5      | 4790 ||| Stepping randomly (stuck).
  4791 | D:5      | 4791 ||| Stepping randomly (stuck).
  4792 | D:5      | 4792 ||| Stepping randomly (stuck).
  4798 | D:5      | 4798 ||| Stepping randomly (stuck).
  4799 | D:5      | 4799 ||| Stepping randomly (stuck).
  4800 | D:5      | 4800 ||| Stepping randomly (stuck).
  4802 | D:5      | 4802 ||| INVOKING Berserk.
  4948 | D:5      | Reached skill level 6 in Fighting
  4948 | D:5      | Reached XP level 8. HP: 69/71 MP: 7/7
  5183 | D:5      | Found a sparkling altar of Nemelex Xobeh.
  5184 | D:5      | Found an opulent altar of Gozag.
  5216 | D:5      | Noticed Ijyb
  5217 | D:5      | 5217 ||| Stepping ~*~*~tactically~*~*~ (hiding).
  5218 | D:5      | 5218 ||| Stepping ~*~*~tactically~*~*~ (hiding).
  5219 | D:5      | 5219 ||| Stepping ~*~*~tactically~*~*~ (hiding).
  5220 | D:5      | 5220 ||| Stepping ~*~*~tactically~*~*~ (hiding).
  5224 | D:5      | 5224 ||| INVOKING Berserk.
  5227 | D:5      | Killed Ijyb
  5241 | D:5      | 5241 ||| Stepping ~*~*~tactically~*~*~ (stealth).
  5349 | D:5      | 5349 ||| Stepping ~*~*~tactically~*~*~ (hiding).
  5356 | D:5      | 5356 ||| INVOKING Berserk.
  5421 | D:5      | 5421 ||| Stepping ~*~*~tactically~*~*~ (stealth).
  5425 | D:5      | 5425 ||| Stepping ~*~*~tactically~*~*~ (stealth).
  5435 | D:5      | 5435 ||| Stepping ~*~*~tactically~*~*~ (stealth).
  5489 | D:5      | 5489 ||| Stepping ~*~*~tactically~*~*~ (stealth).
  5490 | D:5      | 5490 ||| Stepping ~*~*~tactically~*~*~ (stealth).
  5494 | D:5      | 5494 ||| Stepping ~*~*~tactically~*~*~ (hiding).
  5546 | D:5      | 5546 ||| FLEEEEING.
  5715 | D:5      | 5715 ||| UPGRADING to +0 pair of gloves.
  5720 | D:5      | 5720 ||| READING scroll labelled UKORILERGHI.
  5721 | D:5      | 5721 ||| READING scroll labelled NAR POIWARO.
  5722 | D:5      | 5722 ||| DRINKING 2 bubbling blue potions.
  5826 | D:5      | 5826 ||| DROPPING potion of berserk rage.
  5935 | D:6      | 5935 ||| Stepping ~*~*~tactically~*~*~ (hiding).
  5980 | D:6      | Identified the +6 scale mail "Eniuggur" {*Slow rPois Int+4}
  6018 | D:6      | 6018 ||| Stepping ~*~*~tactically~*~*~ (stealth).
  6026 | D:6      | 6026 ||| INVOKING Berserk.
  6027 | D:6      | Reached skill level 11 in Axes
  6205 | D:6      | 6205 ||| INVOKING Berserk.
  6324 | D:6      | 6324 ||| INVOKING Berserk.
  6436 | D:6      | 6436 ||| INVOKING Berserk.
  6456 | D:6      | Found a transporter.
  6456 | D:6      | Found a transporter.
  6567 | D:6      | Noticed qw's ghost (novice GrFi)
  6568 | D:6      | Noticed a hornet
  6573 | D:6      | Noticed a queen bee
  6616 | D:6      | 6616 ||| Stepping ~*~*~tactically~*~*~ (hiding).
  6622 | D:6      | 6622 ||| INVOKING Berserk.
  6627 | D:6      | Reached skill level 12 in Axes
  6860 | D:6      | Reached skill level 3 in Dodging
  6860 | D:6      | Reached XP level 9. HP: 70/78 MP: 8/8
  6986 | D:6      | 6986 ||| INVOKING Berserk.
  7136 | D:6      | 7136 ||| Stepping ~*~*~tactically~*~*~ (stealth).
  7222 | D:6      | Noticed Pikel
  7223 | D:6      | 7223 ||| Stepping ~*~*~tactically~*~*~ (stealth).
  7228 | D:6      | 7228 ||| Stepping ~*~*~tactically~*~*~ (stealth).
  7234 | D:6      | 7234 ||| INVOKING Berserk.
  7241 | D:6      | Killed Pikel
  7502 | D:6      | 7502 ||| UPGRADING to +6 scale mail "Eniuggur" {*Slow rPois
                  | Int+4}.
  7512 | D:6      | 7512 ||| UPGRADING to +0 cloak.
  7517 | D:6      | 7517 ||| READING scroll labelled IJUELIX CUYR.
  7518 | D:6      | 7518 ||| READING scroll labelled XODITA ORISO.
  7582 | D:7      | 7582 ||| STAIRDANCE
  7584 | D:6      | 7584 ||| INVOKING Berserk.
  7696 | D:7      | 7696 ||| STAIRDANCE
  7702 | D:6      | 7702 ||| INVOKING Berserk.
  7884 | D:7      | 7884 ||| STAIRDANCE
  7896 | D:6      | Reached skill level 13 in Axes
  8058 | D:7      | 8058 ||| STAIRDANCE
  8259 | D:7      | Noticed Maggie
  8274 | D:7      | Killed Maggie
  8520 | D:7      | 8520 ||| Stepping ~*~*~tactically~*~*~ (stealth).
  8526 | D:7      | Reached XP level 10. HP: 90/90 MP: 9/9
  8536 | D:7      | Reached skill level 14 in Axes
  8685 | D:7      | 8685 ||| READING scroll of enchant weapon.
  8685 | D:7      | 8685 ||| ENCHANTING +1 hand axe.
  8737 | D:7      | 8737 ||| Stepping ~*~*~tactically~*~*~ (hiding).
  8839 | D:7      | 8839 ||| UPGRADING to +0 kite shield.
  8844 | D:7      | 8844 ||| READING scroll labelled MITWANWELY.
  8845 | D:7      | 8845 ||| DRINKING 2 puce potions.
  8846 | D:7      | 8846 ||| READING 2 scrolls of identify.
  8846 | D:7      | 8846 ||| IDENTIFYING yellow potion
  8847 | D:7      | 8847 ||| DROPPING potion of flight.
  8848 | D:7      | 8848 ||| DROPPING potion of magic.
  8878 | D:8      | 8878 ||| STAIRDANCE
  8886 | D:7      | Reached skill level 1 in Shields
  8943 | D:8      | 8943 ||| STAIRDANCE
  8957 | D:8      | Noticed Joseph
  8958 | D:8      | 8958 ||| STAIRDANCE
  8960 | D:7      | 8960 ||| INVOKING Berserk.
  9105 | D:8      | 9105 ||| STAIRDANCE
  9108 | D:7      | 9108 ||| INVOKING Berserk.
  9111 | D:7      | Reached skill level 3 in Shields
  9264 | D:8      | 9264 ||| STAIRDANCE
  9297 | D:8      | 9297 ||| STAIRDANCE
  9306 | D:8      | 9306 ||| Stepping ~*~*~tactically~*~*~ (hiding).
  9320 | D:8      | Killed Joseph
  9427 | D:8      | 9427 ||| SWAPPING to +0 war axe.
  9428 | D:8      | 9428 ||| DROPPING +2 hand axe of venom.
  9494 | D:8      | 9494 ||| Stepping ~*~*~tactically~*~*~ (stealth).
  9496 | D:8      | 9496 ||| Stepping ~*~*~tactically~*~*~ (hiding).
  9504 | D:8      | 9504 ||| INVOKING Berserk.
  9626 | D:8      | Reached skill level 6 in Shields
  9646 | D:8      | Found a staircase to the Lair.
  9646 | D:8      | Noticed a fire dragon
  9647 | D:8      | 9647 ||| Stepping ~*~*~tactically~*~*~ (hiding).
  9651 | D:8      | 9651 ||| INVOKING Berserk.
  9658 | D:8      | Killed a fire dragon
  9677 | D:8      | 9677 ||| Stepping ~*~*~tactically~*~*~ (stealth).
  9815 | D:8      | 9815 ||| INVOKING Berserk.
  9825 | D:8      | HP: 21/90 [centaur/arrow (3)]
  9826 | D:8      | 9826 ||| READING scroll of teleportation.
  9827 | D:8      | 9827 ||| DRINKING 4 potions of heal wounds.
  9836 | D:8      | 9836 ||| Stepping ~*~*~tactically~*~*~ (stealth).
  9837 | D:8      | 9837 ||| Stepping ~*~*~tactically~*~*~ (stealth).
  9844 | D:8      | Noticed a two-headed ogre
  9878 | D:8      | 9878 ||| FLEEEEING.
  9950 | D:8      | 9950 ||| FLEEEEING.
  9951 | D:8      | 9951 ||| STAIRDANCE
 10016 | D:7      | 10016 ||| READING scroll labelled KAOTSOCIFU.
 10194 | D:8      | 10194 ||| INVOKING Berserk.
 10199 | D:8      | Killed a two-headed ogre
 10200 | D:8      | 10200 ||| STAIRDANCE
 10291 | D:8      | Reached skill level 9 in Shields
 10291 | D:8      | 10291 ||| INVOKING Berserk.
 10541 | D:8      | 10541 ||| Stepping ~*~*~tactically~*~*~ (hiding).
 10542 | D:8      | 10542 ||| Stepping ~*~*~tactically~*~*~ (hiding).
 10774 | D:8      | 10774 ||| PLANNING LAIR
 10774 | D:8      | 10774 ||| READING 3 scrolls of identify.
 10774 | D:8      | 10774 ||| IDENTIFYING brown potion
 10775 | D:8      | 10775 ||| READING 2 scrolls of identify.
 10775 | D:8      | 10775 ||| IDENTIFYING emerald potion
 10776 | D:8      | 10776 ||| DROPPING potion of lignification.
 10806 | Lair:1   | Entered Level 1 of the Lair of Beasts
 10807 | Lair:1   | 10807 ||| PLANNING GAUNTLET
 10812 | Lair:1   | Noticed a cane toad
 10816 | Lair:1   | 10816 ||| INVOKING Berserk.
 10821 | Lair:1   | Killed a cane toad
 10957 | Lair:1   | 10957 ||| DROPPING +4 flail of protection.
 11091 | Lair:1   | Noticed a cane toad
 11096 | Lair:1   | 11096 ||| INVOKING Berserk.
 11100 | Lair:1   | Killed a cane toad
 11242 | Lair:1   | Found a gate leading to a gauntlet.
 11248 | Gauntlet | Entered a Gauntlet
 11248 | Gauntlet | Found a transporter.
 11248 | Gauntlet | Found a transporter.
 11252 | Gauntlet | Found a transporter.
 11252 | Gauntlet | Found a transporter.
 11259 | Gauntlet | Noticed a sixfirhy
 11261 | Gauntlet | Noticed a sixfirhy
 11262 | Gauntlet | Noticed a sixfirhy
 11264 | Gauntlet | Found a transporter.
 11265 | Gauntlet | Noticed a green death
 11269 | Gauntlet | Noticed a wizard
 11270 | Gauntlet | Noticed a hell hog
 11272 | Gauntlet | Found a transporter.
 11272 | Gauntlet | Found a transporter.
 11272 | Gauntlet | Noticed a wizard
 11275 | Gauntlet | Found a transporter.
 11278 | Gauntlet | Found a transporter.
 11308 | Gauntlet | Found a transporter.
 11315 | Gauntlet | Found a transporter.
 11333 | Gauntlet | Found a transporter.
 11355 | Gauntlet | Found a transporter.
 11401 | Gauntlet | Found a transporter.
 11518 | Gauntlet | Found a transporter.
 11520 | Gauntlet | Noticed a green death
 11532 | Gauntlet | Found a transporter.
 11620 | Gauntlet | 11620 ||| INVOKING Berserk.
 11631 | Gauntlet | Reached XP level 11. HP: 95/95 MP: 10/10
 11760 | Gauntlet | 11760 ||| Stepping randomly (stuck).
 11761 | Gauntlet | 11761 ||| Stepping randomly (stuck).
 11854 | Gauntlet | 11854 ||| INVOKING Trog's Hand.
 11871 | Gauntlet | Killed a wizard
 11871 | Gauntlet | Killed a wizard
 11872 | Gauntlet | Reached skill level 15 in Axes
 12060 | Gauntlet | Noticed a minotaur
 12065 | Gauntlet | 12065 ||| INVOKING Berserk.
 12071 | Gauntlet | Killed a minotaur
 12072 | Gauntlet | Reached skill level 9 in Fighting
 12271 | Gauntlet | 12271 ||| SWAPPING to +2 war axe of draining.
 12272 | Gauntlet | 12272 ||| DROPPING +0 war axe.
 12303 | Gauntlet | 12303 ||| READING scroll labelled ISCHAO ZEOTEASSUW.
 12303 | Gauntlet | Identified a scroll of acquirement
 12303 | Gauntlet | 12303 ||| ACQUIRING ring "Ozaddick" {MP+9 Dex+3}
 12303 | Gauntlet | Acquired the ring "Ozaddick" {MP+9 Dex+3}
 12305 | Gauntlet | 12305 ||| UPGRADING to ring "Ozaddick" {MP+9 Dex+3}.
 12363 | Gauntlet | 12363 ||| DROPPING ring of resist corrosion.
 12364 | Gauntlet | 12364 ||| READING 4 scrolls of identify.
 12364 | Gauntlet | 12364 ||| IDENTIFYING inky potion
 12365 | Gauntlet | 12365 ||| READING 3 scrolls of identify.
 12365 | Gauntlet | 12365 ||| IDENTIFYING golden potion
 12366 | Gauntlet | 12366 ||| DROPPING potion of degeneration.
 12377 | Lair:1   | 12377 ||| PLANNING LAIR
 12433 | Lair:1   | 12433 ||| INVOKING Berserk.
 12436 | Lair:1   | Reached skill level 1 in Throwing
 12732 | Lair:1   | Reached skill level 3 in Throwing
 12742 | Lair:1   | Noticed a lindwurm
 12743 | Lair:1   | 12743 ||| Stepping ~*~*~tactically~*~*~ (hiding).
 12746 | Lair:1   | 12746 ||| INVOKING Berserk.
 12749 | Lair:1   | Killed a lindwurm
 12750 | Lair:1   | Reached skill level 6 in Dodging
 13223 | Lair:1   | 13223 ||| Stepping ~*~*~tactically~*~*~ (hiding).
 13227 | Lair:1   | 13227 ||| INVOKING Berserk.
 13553 | Lair:1   | 13553 ||| INVOKING Berserk.
 13795 | Lair:1   | 13795 ||| UPGRADING to +11 crystal plate armour of
                  | ponderousness.
 13805 | Lair:1   | 13805 ||| DROPPING +0 plate armour.
 13806 | Lair:1   | 13806 ||| DROPPING +6 scale mail "Eniuggur" {*Slow rPois
                  | Int+4}.
 13807 | Lair:1   | 13807 ||| UPGRADING to ring of protection from fire.
 13809 | Lair:1   | 13809 ||| UPGRADING to +6 ring of dexterity.
 13842 | Lair:2   | Found a runed translucent gate.
 13842 | Lair:2   | Found a runed translucent gate.
 13842 | Lair:2   | Found a runed translucent gate.
 13846 | Lair:2   | 13846 ||| STAIRDANCE
 13915 | Lair:2   | Reached skill level 6 in Armour
 13924 | Lair:2   | 13924 ||| Stepping ~*~*~tactically~*~*~ (hiding).
 14038 | Lair:2   | Found a staircase to the Snake Pit.
 14038 | Lair:2   | Found a staircase to the Shoals.
 14355 | Lair:2   | Reached **** piety under Trog
 14364 | Lair:2   | Noticed a six-headed hydra
 14365 | Lair:2   | 14365 ||| INVOKING Brothers in Arms.
 14367 | Lair:2   | 14367 ||| SWAPPING to +0 morningstar.
 14368 | Lair:2   | 14368 ||| INVOKING Berserk.
 14375 | Lair:2   | Killed a six-headed hydra
 14390 | Lair:2   | 14390 ||| SWAPPING to +2 war axe of draining.
 14517 | Lair:2   | Noticed a death yak
 14519 | Lair:2   | Noticed a death yak
 14521 | Lair:2   | Noticed a death yak
 14522 | Lair:2   | Reached skill level 9 in Armour
 14523 | Lair:2   | 14523 ||| INVOKING Berserk.
 14523 | Lair:2   | Noticed a death yak
 14529 | Lair:2   | Killed a death yak
 14530 | Lair:2   | Reached XP level 12. HP: 105/105 MP: 11/11
 14532 | Lair:2   | Killed a death yak
 14536 | Lair:2   | Killed a death yak
 14539 | Lair:2   | Killed a death yak
 14667 | Lair:2   | 14667 ||| INVOKING Berserk.
 14682 | Lair:2   | HP: 22/105 [oklob plant/splash of acid (8)]
 14683 | Lair:2   | 14683 ||| DRINKING 5 potions of heal wounds.
 14690 | Lair:2   | HP: 7/105 [oklob plant/splash of acid (27)]
 14691 | Lair:2   | 14691 ||| DRINKING 4 potions of heal wounds.
 14692 | Lair:2   | 14692 ||| DRINKING 3 potions of heal wounds.
 14692 | Lair:2   | Killed from afar by an oklob plant

Levels and vault maps discovered:
D:1:      erik_arrival_triangle_medium, layout_loops_ring,
          nicolae_ecumenical_lake_church, minmay_crystal_water,
          nrook_mini_vaults
D:2:      layout_loops_cross, basic_altar
D:3:      layout_basic, mainiacjoe_overflow_alcove_1, gammafunk_ghost_cemetery,
          serial_shops, nicolae_shop_advertising_works
          [nicolae_subvault_shop_adworks], chequers_serial_rivers_micro_e,
          serial_bayou_lagoon_b
D:4:      layout_cave_pools
D:5:      layout_loops_corners, grunt_temple_overflow_opulence,
          minmay_temple_entry_glass, palyth_stone_intersect, minmay_puff,
          uniq_ijyb, uniq_eustachio, uniq_edmund
D:6:      layout_basic, gammafunk_ghost_hive, uniq_pikel
D:7:      layout_loops_cross, uniq_maggie
D:8:      layout_rooms, minmay_lair_entry_lava, uniq_joseph
Lair:1:   layout_layer_cave, gauntlet_entry_generic, nicolae_lair_lil_pond,
          dreamdust_deal_with_the_devil
Lair:2:   minmay_lair_oklob_tunnel, layout_loops_ring, shoals_dummy_entry,
          minmay_snake_entry_guardpost_small, gammafunk_ghost_necromancy,
          nicolae_quartered_pool_impasse

Skill      XL: |  1  2  3  4  5  6  7  8  9 10 11 12 |
---------------+-------------------------------------+-----
Axes           | 4 5 6 7 9 10 12 13 14 15 | 15.8
Fighting       | 5 6 8 9 |  9.5
Armour         | 3 4 5 9 10 | 10.3
Dodging        | 3 5 6 |  6.1
Shields        | 10 | 10.0
Throwing       | 4 |  4.1

Action                   |  1- 3 |  4- 6 |  7- 9 | 10-12 || total
-------------------------+-------+-------+-------+-------++-------
Melee: Hand axe          |   123 |    89 |   249 |    58 ||   519
       Headbutt          |     6 |    11 |    40 |    83 ||   140
       Punch             |     3 |     2 |     8 |       ||    13
       War axe           |       |       |       |   220 ||   220
       Morningstar       |       |       |       |     6 ||     6
Throw: Boomerang         |       |       |       |     8 ||     8
       Javelin           |       |       |       |    19 ||    19
Invok: Berserk           |     2 |     4 |    13 |    18 ||    37
       Trog's Hand       |       |       |       |     1 ||     1
       Brothers in Arms  |       |       |       |     1 ||     1
  Use: Scroll            |     2 |     5 |     8 |    10 ||    25
       Potion            |     1 |     2 |     2 |     5 ||    10
Armor: Animal skin       |    13 |       |       |       ||    13
       Plate armour      |    39 |    46 |    69 |       ||   154
       Scale mail        |       |       |    16 |    81 ||    97
       Crystal plate arm |       |       |       |    50 ||    50
Dodge: Dodged            |    61 |    23 |    71 |    74 ||   229
Block: Kite shield       |       |       |       |   139 ||   139

Table legend:
 A = Non-vault XP
 B = Vault XP
 C = Vault XP percentage of total XP
 D = Non-vault monster count
 E = Vault monster count
 F = Vault count percentage of total count
                 A         B        C        D         E       F
            +---------+---------+-------+---------+---------+-------
      Total |   18570 |    6593 |  26.2 |     222 |      30 |  11.9
            +---------+---------+-------+---------+---------+-------
        D:1 |      36 |       0 |   0.0 |      23 |       0 |   0.0
        D:2 |      45 |       0 |   0.0 |      17 |       0 |   0.0
        D:3 |     115 |       0 |   0.0 |      17 |       0 |   0.0
        D:4 |     241 |       0 |   0.0 |      15 |       0 |   0.0
        D:5 |     496 |     842 |  62.9 |      19 |       9 |  32.1
        D:6 |    2533 |     685 |  21.3 |      41 |       1 |   2.4
        D:7 |    1203 |     379 |  24.0 |      23 |       1 |   4.2
        D:8 |    1664 |    1349 |  44.8 |      19 |       2 |   9.5
     Lair:1 |    4584 |       0 |   0.0 |      25 |       0 |   0.0
     Lair:2 |    6894 |    1045 |  13.2 |      20 |       4 |  16.7
   Gauntlet |     759 |    2293 |  75.1 |       3 |      13 |  81.2
            +---------+---------+-------+---------+---------+-------
